Map: Overgrown Facility

Players

batmolive - Winner!

  • Race: Terran Terran
  • Spawn Location: 9:00

PureLegacy - Winner!

  • Race: Terran Terran
  • Spawn Location: 7:00

renIxxRR

  • Race: Zerg Zerg
  • League: Bronze
  • Spawn Location: 3:00

kirill

  • Race: Protoss Protoss
  • Spawn Location: 1:00

VOD

Have the link to the VOD?

Description

Time

  • Played on: Nov. 22, 2018, 11:37 p.m.
  • Length: 5:55
Show
View Real Time Build Order
Export as new Build Order

batmolive Terran - Winner!

Build Orders:  

Get SALT Encoding   

  12  0:26  Supply Depot  
  12  1:04  Barracks  
  12  1:09  Barracks  
  12  1:16  Barracks  
  12  1:21  Barracks  
  12  1:31  SCV  
  13  1:32  Supply Depot  
  13  1:43  SCV  
  14  1:57  Marine  
  12  3:21  Marine  
  12  3:22  Marine  
  12  3:25  Marine  
  15  3:30  Marine  
  16  3:39  Marine  
  16  3:40  Marine  
  18  3:43  Marine  
  18  3:46  SCV  
  18  3:47  Marine  
  21  3:58  SCV  
  21  4:02  Supply Depot  
  22  4:03  Marine  
  22  4:08  Marine  
  24  4:11  SCV  
  24  4:14  Marine  
  26  4:20  Marine  
  26  4:23  SCV  
  28  4:28  Supply Depot  
  28  4:35  Refinery, SCV  
  29  4:39  Refinery  
  29  4:51  Marine x2  
  29  4:52  Marine  
  32  4:55  Marine  
  33  5:05  Supply Depot  
  33  5:10  Marine x3  
  33  5:12  Marine  
  37  5:23  Supply Depot  
  37  5:28  Marine x2  
  40  5:35  SCV  
Show
View Real Time Build Order
Export as new Build Order

PureLegacy Terran - Winner!

Build Orders:  

Get SALT Encoding   

  12  0:01  SCV  
  13  0:13  SCV  
  14  0:22  Supply Depot  
  14  0:30  SCV  
  15  0:48  Barracks  
  15  0:56  Barracks  
  15  1:11  Barracks  
  15  1:35  Barracks  
  15  1:39  Marine  
  16  1:43  Marine  
  17  1:47  Supply Depot  
  17  1:58  Marine x2  
  19  2:01  Marine  
  20  2:16  Marine x2  
  22  2:27  Marine x2  
  21  2:36  Supply Depot  
  21  2:40  Marine x2  
  22  2:44  Marine  
  22  2:48  Marine  
  24  2:58  Marine x2  
  24  3:04  Orbital Command  
  25  3:13  Marine x2  
  25  3:18  Marine  
  25  3:30  Marine  
  25  3:31  Marine x2  
  26  3:35  Marine  
  27  3:48  Marine  
  28  3:54  Marine x3  
  26  4:06  Marine  
  26  4:12  Marine x2  
  26  4:13  Marine  
  24  4:21  SCV  
  24  4:23  Marine  
  26  4:30  Marine x2  
  26  4:31  Marine  
  26  4:41  Marine  
  22  4:45  SCV  
  22  4:47  Marine  
  22  4:48  Marine x2  
  26  4:53  Refinery  
  26  4:55  Refinery  
  26  4:58  SCV  
  26  4:59  Marine  
  28  5:05  Marine x2  
  28  5:06  Marine  
  31  5:10  SCV  
  32  5:20  Marine  
  33  5:22  SCV  
  33  5:23  Marine  
  34  5:29  Supply Depot  
  34  5:30  Marine x2  
  36  5:37  SCV  
Show
View Real Time Build Order
Export as new Build Order

renIxxRR Zerg 

Build Orders: Pool First 

Get SALT Encoding   

  12  0:01  Drone  
  13  0:08  Drone  
  14  0:17  Overlord  
  14  0:36  Spawning Pool  
  14  0:39  Drone  
  14  0:47  Drone x2  
  16  0:59  Extractor  
  15  1:16  Drone  
  15  1:18  Hatchery  
  15  1:23  Drone  
  16  1:34  Queen  
  18  1:41  Drone  
  18  1:45  Drone  
  20  1:48  Drone  
  21  2:03  Metabolic Boost  
  21  2:08  Zergling x2  
  22  2:09  Overlord  
  22  2:36  Zergling x4  
  22  2:37  Zergling x4  
  25  2:53  Zergling x4  
  25  2:54  Zergling x6  
  24  3:29  Zergling x2  
  24  3:30  Zergling x10  
  27  3:38  Spine Crawler  
  26  3:42  Drone  
  26  3:52  Zergling x4  
  9  4:10  Zergling x6  
  11  4:20  Queen, Zergling x4  
  11  4:23  Queen  
  10  4:49  Drone x3  
  10  4:51  Drone  
  14  5:06  Zergling x2  
Show
View Real Time Build Order
Export as new Build Order

kirill Protoss 

Build Orders:  

Get SALT Encoding   

  12  0:09  Pylon  
  12  0:15  Probe  
  13  0:31  Probe  
  13  0:32  Forge  
  14  1:06  Probe, Pylon  
  15  1:14  Probe  
  16  1:25  Photon Cannon  
  16  1:44  Photon Cannon  
  16  1:48  Pylon  
  16  2:02  Photon Cannon  
  16  2:12  Photon Cannon  
  14  2:33  Photon Cannon  
  1  3:34  Probe  
  2  3:42  Probe  
  3  3:52  Probe  
  4  4:04  Probe  
  5  4:16  Probe  
  6  4:32  Probe  
  6  4:34  Pylon  
  7  4:40  Probe  
  8  4:50  Probe  
  9  5:02  Probe  
  9  5:06  Photon Cannon  
  10  5:22  Photon Cannon  
  10  5:25  Probe  
  10  5:33  Probe  
Tags
 
Add a new tag
Caveats
  • Supply blocks, unpowered buildings, or Contaminate may cause inaccurate times.
  • Supply counts are checked every 10 seconds.